Map: Royal Blood LE

Players

cheezeitup - Winner!

  • Race: Protoss Protoss
  • League: Gold
  • Spawn Location: 7:00

MattBarry

  • Race: Zerg Zerg
  • League: Gold
  • Spawn Location: 1:00

VOD

Have the link to the VOD?

Description

Time

  • Played on: Jan. 30, 2023, 1:02 a.m.
  • Length: 17:42
Show
View Real Time Build Order
Export as new Build Order

cheezeitup Protoss - Winner!

Build Orders: Forge Fast Expand (FFE), Carriers 

Get SALT Encoding   

  12  0:00  Probe  
  13  0:13  Probe  
  14  0:17  Pylon  
  14  0:25  Probe  
  15  0:37  Probe  
  15  0:41  Forge  
  16  0:49  Probe  
  17  1:11  Nexus  
  17  1:21  Gateway  
  17  1:27  Probe (Chrono Boost)  
  17  1:29  Assimilator  
  18  1:38  Probe (Chrono Boost)  
  19  1:40  Pylon  
  19  1:51  Photon Cannon  
  19  1:54  Probe (Chrono Boost)  
  19  1:58  Assimilator  
  20  2:06  Probe (Chrono Boost)  
  21  2:11  Cybernetics Core  
  21  2:15  Probe (Chrono Boost)  
  22  2:27  Probe (Chrono Boost)  
  24  2:30  Probe (Chrono Boost)  
  24  2:36  Photon Cannon  
  25  2:37  Probe (Chrono Boost)  
  25  2:42  Probe (Chrono Boost)  
  25  2:44  Probe  
  27  2:52  Protoss Shields Level 1  
  27  2:58  Probe x2  
  29  3:10  Probe (Chrono Boost)  
  29  3:12  Probe (Chrono Boost)  
  31  3:22  Probe (Chrono Boost)  
  31  3:25  Photon Cannon  
  31  3:26  Shield Battery  
  33  3:27  Probe (Chrono Boost)  
  33  3:30  Probe (Chrono Boost)  
  34  3:37  Stargate  
  34  3:39  Stargate  
  34  3:43  Probe x2  
  36  3:49  Photon Cannon  
  36  3:55  Probe x2  
  38  4:04  Assimilator  
  38  4:06  Assimilator  
  38  4:07  Probe x2  
  38  4:08  Protoss Air Weapons Level 1 (Chrono Boost)  
  40  4:19  Probe (Chrono Boost)  
  40  4:20  Probe (Chrono Boost)  
  40  4:22  Pylon  
  42  4:25  Oracle  
  46  4:31  Probe (Chrono Boost)  
  46  4:39  Photon Cannon  
  46  4:40  Probe (Chrono Boost)  
  46  4:41  Pylon  
  46  4:42  Probe (Chrono Boost)  
  46  4:44  Oracle  
  51  4:51  Photon Cannon  
  51  4:56  Photon Cannon  
  51  4:57  Shield Battery  
  55  5:15  Void Ray  
  59  5:27  Void Ray  
  59  5:49  Fleet Beacon  
  59  5:56  Twilight Council  
  59  6:01  Cybernetics Core  
  59  6:17  Nexus  
  59  6:19  Pylon  
  59  6:20  Pylon  
  59  6:24  Pylon x2  
  59  6:39  Void Ray (Chrono Boost)  
  64  6:40  Void Ray (Chrono Boost)  
  64  6:51  Shield Battery  
  64  6:53  Photon Cannon  
  64  6:54  Photon Cannon  
  64  6:59  Photon Cannon  
  64  7:00  Photon Cannon  
  64  7:01  Shield Battery  
  64  7:04  Assimilator  
  64  7:09  Assimilator  
  72  7:17  Void Ray x2 (Chrono Boost)  
  72  7:26  Protoss Air Weapons Level 2  
  72  7:29  Protoss Air Armor Level 1  
  72  7:34  Probe  
  72  7:35  Probe x2  
  75  7:48  Probe (Chrono Boost)  
  77  7:52  Probe (Chrono Boost)  
  77  7:57  Probe (Chrono Boost)  
  78  8:01  Probe (Chrono Boost)  
  79  8:15  Carrier x2 (Chrono Boost)  
  91  8:27  Stargate  
  91  8:30  Photon Cannon, Stargate  
  91  8:33  Photon Cannon  
  91  8:36  Photon Cannon  
  91  8:38  Shield Battery  
  91  8:39  Protoss Shields Level 2 (Chrono Boost)  
  91  8:40  Shield Battery  
  88  9:32  Probe (Chrono Boost)  
  88  9:34  Carrier (Chrono Boost)  
  107  9:41  Probe (Chrono Boost)  
  107  9:43  Carrier (Chrono Boost)  
  107  9:44  Carrier (Chrono Boost)  
  108  9:53  Pylon  
  108  10:01  Nexus  
  108  10:04  Pylon x2  
  108  10:07  Pylon  
  108  10:09  Pylon  
  108  10:11  Carrier  
  114  10:20  Protoss Air Weapons Level 3 (Chrono Boost)  
  114  10:25  Protoss Air Armor Level 2 (Chrono Boost)  
  114  10:32  Shield Battery  
  114  10:35  Shield Battery  
  114  10:36  Photon Cannon  
  114  10:37  Shield Battery  
  113  10:55  Phoenix  
  113  10:56  Phoenix  
  115  11:21  Pylon  
  115  11:24  Pylon  
  115  11:26  Pylon  
  115  11:34  Nexus  
  115  11:36  Pylon  
  115  11:37  Pylon  
  115  11:39  Phoenix  
  117  11:40  Protoss Shields Level 3 (Chrono Boost), Pylon  
  117  11:41  Pylon  
  117  11:42  Phoenix  
  117  11:45  Nexus  
  119  11:48  Pylon x2  
  119  11:49  Phoenix x2  
  119  11:51  Pylon  
  119  11:53  Pylon  
  123  12:05  Photon Cannon  
  123  12:06  Photon Cannon  
  123  12:08  Photon Cannon  
  123  12:10  Photon Cannon  
  123  12:12  Photon Cannon  
  123  12:14  Shield Battery  
  121  12:17  Shield Battery  
  121  12:19  Shield Battery  
  121  12:21  Shield Battery  
  127  12:33  Assimilator  
  127  12:34  Assimilator  
  127  12:35  Void Ray x2  
  127  12:42  Shield Battery  
  127  12:43  Photon Cannon  
  127  12:45  Photon Cannon  
  127  12:55  Assimilator  
  127  12:57  Assimilator  
  127  13:00  Probe (Chrono Boost)  
  127  13:01  Probe (Chrono Boost)  
  127  13:04  Probe x3 (Chrono Boost)  
  132  13:10  Probe (Chrono Boost)  
  132  13:11  Probe (Chrono Boost)  
  134  13:15  Stargate  
  134  13:20  Stargate  
  134  13:24  Stargate  
  134  13:27  Stargate  
  150  13:50  Void Ray x2  
  150  13:51  Void Ray  
  150  13:54  Void Ray  
  150  14:08  Probe (Chrono Boost)  
  151  14:13  Probe (Chrono Boost)  
  153  14:18  Probe (Chrono Boost)  
  153  14:20  Probe (Chrono Boost)  
  154  14:25  Phoenix x4  
  154  14:27  Nexus  
  154  14:30  Pylon  
  162  14:33  Pylon  
  162  14:40  Phoenix x3  
  162  14:41  Phoenix  
  148  15:01  Phoenix x3  
  148  15:02  Phoenix  
  156  15:20  Phoenix x4  
  164  15:26  Phoenix x2  
  168  15:32  Phoenix x2  
  172  15:45  Phoenix x2  
  176  16:04  Phoenix x6  
  184  16:25  Phoenix x2  
  184  16:29  Phoenix x3  
  194  16:54  Phoenix x3  
Show
View Real Time Build Order
Export as new Build Order

MattBarry Zerg 

Build Orders: Hatch First 

Get SALT Encoding   

  12  0:00  Drone  
  13  0:12  Overlord  
  13  0:24  Drone  
  14  0:32  Drone x2  
  16  0:51  Hatchery  
  16  0:52  Drone  
  16  0:57  Drone  
  17  1:00  Drone  
  18  1:08  Extractor  
  17  1:16  Spawning Pool  
  16  1:21  Drone  
  16  1:23  Drone  
  18  1:33  Drone  
  19  1:44  Overlord  
  19  1:51  Drone  
  20  2:04  Zergling x2, Queen  
  20  2:06  Queen  
  25  2:09  Zergling x2  
  26  2:20  Metabolic Boost  
  26  2:23  Drone  
  26  2:28  Drone  
  28  2:41  Queen  
  30  2:47  Drone x3  
  30  2:48  Drone x2  
  35  2:55  Drone  
  36  3:10  Overlord  
  35  3:14  Evolution Chamber  
  34  3:20  Roach Warren  
  33  3:31  Drone x5  
  33  3:32  Drone  
  39  3:37  Hatchery  
  38  3:55  Drone  
  38  4:00  Lair, Extractor  
  38  4:02  Pneumatized Carapace  
  38  4:06  Drone x3  
  38  4:07  Drone x2  
  38  4:08  Overlord x2  
  42  4:40  Zerg Melee Weapons Level 1  
  42  4:43  Zergling x8  
  42  4:44  Roach  
  42  4:45  Roach x3  
  54  4:46  Evolution Chamber  
  54  4:52  Drone  
  54  4:58  Queen  
  56  5:10  Roach x3  
  56  5:11  Roach  
  64  5:21  Drone x2  
  66  5:22  Overlord  
  66  5:23  Overlord x2  
  66  5:30  Extractor  
  66  5:32  Extractor  
  66  5:35  Zerg Missile Weapons Level 1  
  64  5:43  Spore Crawler  
  64  5:44  Spore Crawler  
  64  5:45  Spore Crawler  
  64  5:46  Spore Crawler  
  64  5:48  Spore Crawler  
  55  5:58  Queen  
  55  5:59  Queen x2, Hydralisk Den  
  56  6:13  Drone x2  
  56  6:14  Drone x7  
  56  6:15  Drone x3  
  68  6:23  Ravager  
  68  6:24  Ravager  
  70  6:27  Overlord  
  70  6:34  Drone x3  
  70  6:35  Drone x2  
  70  6:39  Spore Crawler  
  74  7:10  Grooved Spines  
  74  7:14  Zerg Ground Armor Level 1  
  74  7:22  Hydralisk x3  
  74  7:29  Zergling x22  
  91  7:41  Zerg Missile Weapons Level 2  
  91  7:46  Queen  
  91  7:49  Drone x2  
  91  7:50  Drone x3  
  91  7:51  Overlord x2  
  95  8:18  Hydralisk x8  
  95  8:19  Hydralisk  
  113  8:22  Muscular Augments  
  113  8:38  Spore Crawler  
  112  8:44  Hydralisk  
  112  8:46  Overlord x2  
  114  8:51  Overlord  
  108  9:21  Drone x9  
  108  9:22  Drone x6  
  123  9:28  Overlord  
  123  9:29  Overlord  
  123  9:35  Spire  
  123  9:37  Hatchery  
  123  9:38  Infestation Pit  
  120  9:40  Overlord x4  
  120  9:48  Overlord x2  
  120  9:49  Hydralisk x3  
  126  10:04  Hydralisk x2  
  126  10:05  Hydralisk x4  
  138  10:16  Hive  
  138  10:25  Extractor  
  138  10:26  Extractor  
  136  10:44  Hydralisk  
  136  10:45  Hydralisk x6  
  144  11:06  Corruptor  
  144  11:07  Corruptor, Drone  
  135  11:15  Hydralisk  
  130  11:30  Hydralisk x3  
  136  11:45  Drone  
  136  11:46  Drone x17  
  154  11:54  Hatchery  
  154  11:58  Hatchery  
  153  12:06  Zerg Missile Weapons Level 3  
  153  12:07  Hydralisk, Zerg Ground Armor Level 2  
  153  12:08  Hydralisk  
  157  12:24  Corruptor  
  157  12:25  Corruptor  
  161  12:34  Zerg Flyer Armor Level 1  
  161  12:38  Extractor  
  160  12:44  Extractor  
  160  12:45  Extractor  
  158  13:06  Spore Crawler  
  157  13:14  Spore Crawler  
  157  13:17  Spore Crawler, Queen  
  157  13:18  Queen x4  
  165  13:24  Overlord  
  165  13:25  Corruptor x4, Overlord x3  
  165  13:26  Corruptor x3  
  179  13:50  Spore Crawler x2  
  179  13:53  Queen x2  
  181  14:05  Corruptor x2  
  181  14:06  Corruptor  
  187  14:12  Extractor  
  187  14:14  Extractor  
  185  14:17  Overlord  
  185  14:18  Overlord  
  160  14:40  Drone x2  
  160  14:41  Infestor x4  
  160  14:43  Corruptor  
  160  14:44  Corruptor x6  
  172  14:53  Infestor  
  172  14:59  Hydralisk  
  133  15:02  Zergling x6  
  133  15:03  Zergling x52  
  147  15:13  Queen x2  
  139  15:16  Hydralisk x3  
  139  15:17  Hydralisk x2  
  135  15:35  Corruptor x4  
  100  15:59  Hydralisk  
  100  16:00  Hydralisk x6  
  100  16:03  Queen  
  94  16:10  Hydralisk  
  94  16:11  Hydralisk  
  66  16:25  Hydralisk  
  66  16:26  Hydralisk x2  
Tags
 
Add a new tag
Caveats
  • Supply blocks, unpowered buildings, or Contaminate may cause inaccurate times.
  • Supply counts are checked every 10 seconds.